 Dungeon Crawl Stone Soup version 0.18.1-48-g4cf74bf (webtiles) character file.

49 meme the Chiller (level 3, -1/22 HPs)
             Began as an Octopode Ice Elementalist on July 9, 2016.
             Slain by Robin
             ... wielding a +0 mace
              (9 damage)
             ... on level 2 of the Dungeon.
             The game lasted 00:07:53 (1135 turns).

meme the Chiller (Octopode Ice Elementalist)        Turns: 1135, Time: 00:07:54

Health: -1/22      AC:  1    Str:  7    XL:     3   Next: 77%
Magic:  3/6        EV: 12    Int: 17    God:
Gold:   58         SH:  0    Dex: 13    Spells: 2 memorised, 3 levels left

rFire  . . .     SeeInvis .     o - +0 dagger (vamp)
rCold  . . .     Gourm    .     (no shield)
rNeg   . . .     Faith    .     (helmet restricted)
rPois  .         Spirit   .     (no amulet)
rElec  .         Dismiss  .     (no ring)
rCorr  .         Reflect  .     (no ring)
SustAt .         Harm     .     (no ring)
MR     .....                    (no ring)
Stlth  +++.......               (no ring)
                                (no ring)
                                (no ring)
                                (no ring)

@: very slightly contaminated, not resistant to hostile enchantments, fairly
stealthy
A: almost no armour, amphibious, 8 rings, constrict 8, camouflage 1, gelatinous
body 1
a: no special abilities


You were on level 2 of the Dungeon.
You were not hungry.

You visited 1 branch of the dungeon, and saw 2 of its levels.

You collected 58 gold pieces.

Inventory:

Hand Weapons
 o - a +0 vampiric dagger (weapon)
Missiles
 j - 6 javelins (quivered)
Scrolls
 e - a scroll of amnesia {unknown}
 i - a scroll of teleportation {unknown}
 m - a scroll of identify {unknown}
 n - a scroll of immolation {unknown}
 p - a scroll of fear {unknown}
Potions
 h - a potion of agility {unknown}
 k - 2 potions of lignification {unknown}
Books
 a - a book of Frost

   Spells                             Type                      Level
   a - Freeze                         Ice                          1
   b - Throw Frost                    Conjuration/Ice              2
   c - Ozocubu's Armour               Charms/Ice                   3
   d - Throw Icicle                   Conjuration/Ice              4
   e - Summon Ice Beast               Ice/Summoning                4
Comestibles
 b - 4 bread rations
 d - a meat ration
 f - a royal jelly
 g - 3 chunks of flesh
 l - 2 fruits


   Skills:
 + Level 0.6 Fighting
 + Level 2.2 Dodging
 + Level 3.0 Stealth
 + Level 2.6 Spellcasting
   Level 1.0 Conjurations
 + Level 3.7 Ice Magic


You had 3 spell levels left.
You knew the following spells:

 Your Spells              Type           Power        Failure   Level  Hunger
a - Freeze                Ice            ##..         4%          1    #......
b - Ozocubu's Armour      Chrm/Ice       #.......     24%         3    ###....


Dungeon Overview and Level Annotations

Branches:
Dungeon (2/15)

Altars:

Annotations:
D:2 Robin


Innate Abilities, Weirdness & Mutations

You cannot wear most types of armour.
You are amphibious.
You can wear up to eight rings at the same time.
You can use your tentacles to constrict eight enemies at once.
Your skin changes colour to match your surroundings (Stealth).
Your rubbery body absorbs attacks (AC +1).


Message History

The goblin no longer looks unusually strong. x3
Robin roars a battlecry!
The goblins go into a battle-frenzy!
Robin hits you with a mace.
The goblin no longer looks unusually strong.
Casting: Freeze
Confirm with . or Enter, or press ? or * to list all spells.
Aiming: Freeze
Press: ? - help, Shift-Dir - straight line, f - Robin
Aim: Robin, wielding a mace, wearing an animal skin and wearing a helmet (lightly wounded)
Okay, then.
Casting: Freeze
Confirm with . or Enter, or press ? or * to list all spells.
You don't know that spell.
Casting: Freeze
Confirm with . or Enter, or press ? or * to list all spells.
You miscast Ozocubu's Armour.
You are very lightly contaminated with residual magic.
Your tentacles feel numb with cold.
Robin hits you with a mace!
You die...

#ggg#..#########≈≈.#
#gg.#..........#≈≈.#
#..g#..........'...#
#g..#..........'...#
#...#).).......'(..#
#...#..........#≈≈##
#''##..#########≈≈#
#.....g#.g.# ≈≈##
#...gg.g.g@+ ≈≈#
#......#)..# ≈##
############


You could see Robin, 2 hobgoblins and 3 goblins.

Vanquished Creatures
  2 adders (D:2)
  A giant gecko (D:1)
  2 bats
  11 goblins
  3 hobgoblins (D:2)
  2 jackals (D:2)
  A quokka (D:2)
  A giant newt (D:1)
  2 kobolds (D:1)
  3 rats
28 creatures vanquished.

Notes
Turn   | Place    | Note
--------------------------------------------------------------
     0 | D:1      | meme the Octopode Ice Elementalist began the quest for the Orb.
     0 | D:1      | Reached XP level 1. HP: 11/11 MP: 3/3
   277 | D:1      | Reached XP level 2. HP: 14/17 MP: 3/5
   849 | D:2      | Reached XP level 3. HP: 16/21 MP: 3/6
   919 | D:2      | Learned a level 3 spell: Ozocubu's Armour
  1114 | D:2      | Noticed Robin
  1135 | D:2      | Slain by Robin

Skill      XL: |  1  2 |
---------------+-------+-----
Stealth        | 3 |  3.0
Fighting       | |  0.6
Dodging        | |  2.2
Spellcasting   | |  2.6
Conjurations   | |  1.0
Ice Magic      | |  3.7

Action                   || total
-------------------------++-------
Melee: Unarmed           ||    18
       Constrict         ||    14
       Dagger            ||    21
       Tentacles         ||     5
 Cast: Freeze            ||    23
  Use: Potion            ||     1
       Scroll            ||     1
 Stab: Sleeping          ||     6
  Eat: Bread ration      ||     1
       Chunk             ||     1
Armor: Skin              ||     5
Dodge: Dodged            ||    31
